 Dungeon Crawl Stone Soup version 0.27.1-34-g3ba077fa99 (webtiles) character file.

Game seed: 11761926901532222469

1071 ticklebelly the Chopper (level 8, -1/109 HPs)
             Began as a Minotaur Berserker on Jan 8, 2022.
             Was a Priest of Trog.
             Slain by a two-headed ogre (15 damage)
             ... on level 6 of the Dungeon.
             The game lasted 00:08:45 (4798 turns).

ticklebelly the Chopper (Minotaur Berserker)        Turns: 4798, Time: 00:08:46

Health: -1/109     AC:  9    Str: 23    XL:     8   Next: 7%
Magic:  7/7        EV: 11    Int:  4    God:    Trog [***...]
Gold:   187        SH:  5    Dex: 17    Spells: 7/7 levels left

rFire    . . .     SeeInvis .   u - +1 demon whip (venom)
rCold    . . .     Faith    .   y - +0 buckler
rNeg     . . .     Spirit   .   g - +0 ring mail
rPois    .         Reflect  .   (helmet restricted)
rElec    .         Harm     .   t - +2 cloak
rCorr    .         Rampage  .   (no gloves)
Will     ++...                  (no boots)
Stlth    ..........             (no amulet)
HPRegen  1.28/turn              p - +6 ring of dexterity
MPRegen  0.10/turn              (no ring)

@: berserking, strong-willed, regenerating, very quick
A: horns 2, retaliatory headbutt
a: Renounce Religion, Berserk, Trog's Hand


You were on level 6 of the Dungeon.
You worshipped Trog.
Trog was most pleased with you.
You visited 1 branch of the dungeon, and saw 6 of its levels.

You collected 187 gold pieces.

Inventory:

Hand Weapons
 k - a +0 battleaxe
 u - a +1 demon whip of venom (weapon)
Armour
 g - a +0 ring mail (worn)
 t - a +2 cloak (worn)
 y - a +0 buckler (worn)
Jewellery
 a - a ring of positive energy
 i - a ring of protection from fire
 j - a ring of ice
 p - a +6 ring of dexterity (left hand)
Wands
 v - a wand of charming (9)
Scrolls
 c - 4 scrolls of magic mapping {unknown}
 d - 4 scrolls of identify {unknown}
 h - 4 scrolls of teleportation {unknown}
 n - a scroll of immolation {unknown}
 q - a scroll of fear {unknown}
 r - a scroll of holy word {unknown}
 x - a scroll of fog {unknown}
Potions
 b - a potion of ambrosia {unknown}
 e - 2 potions of flight {unknown}
 f - 2 potions of attraction {unknown}
 l - 3 potions of curing {unknown}
 m - a potion of heal wounds {unknown}
 o - a potion of brilliance {unknown}
 s - a potion of lignification {unknown}
 w - a potion of might {unknown}
 z - a potion of degeneration {unknown}


   Skills:
 + Level 7.1 Fighting
 + Level 7.1 Axes
 + Level 6.5 Armour
 - Level 2.1 Dodging
 + Level 3.6 Shields


You had 7 spell levels left.
You didn't know any spells.
Your spell library was empty.

Dungeon Overview and Level Annotations

Branches:
Dungeon (6/15)
 Temple: D:4-7

Altars:
Ashenzari
Elyvilon
Makhleb
Nemelex Xobeh

Shops:
D:5 [


Innate Abilities, Weirdness & Mutations

You have a pair of horns on your head.
You reflexively headbutt those who attack you in melee.


Message History

Trog accepts your kill.
An iguana comes into view.
Your Fighting skill increases to level 7!
You have reached level 8!
You feel agile.
The iguana hisses angrily.
You hit the gnoll shaman.
The gnoll shaman is poisoned.
The gnoll shaman is lightly wounded.
A centaur comes into view.
The gnoll shaman hits you with a +0 whip!
The centaur shouts!
You whack the gnoll shaman!
The gnoll shaman looks as sick as possible!
Your headbutt misses the gnoll shaman.
The gnoll shaman is heavily wounded.
You hear an angry hiss.
The gnoll shaman hits you with a +0 whip!
You whack the gnoll shaman!
You kill the gnoll shaman!
Trog accepts your kill.
You whack the two-headed ogre! You headbutt the two-headed ogre.
The two-headed ogre is moderately wounded.
The two-headed ogre hits you with a +0 giant club!
The two-headed ogre hits you with a +0 giant club.
Your skin crawls.
You feel strong-willed. The wight closely misses you.
A red film seems to cover your vision as you go berserk!
You feel yourself moving faster!
You feel mighty!
The two-headed ogre hits you with a +0 giant club!!
* * * LOW HITPOINT WARNING * * *
The two-headed ogre hits you with a +0 giant club.
* * * LOW HITPOINT WARNING * * *
You block the wight's attack.
You barely miss the two-headed ogre.
The two-headed ogre is moderately wounded.
The two-headed ogre hits you with a +0 giant club!
* * * LOW HITPOINT WARNING * * *
The two-headed ogre hits you with a +0 giant club!
You die...

##.#.#######.###.#
##.# #.<....#
###.# #.[...###
#...# ##...##
#.### ##.## #.#
#.# #.# #.# #.#
#+# #@# #O#


znz .#YZl .#.#... .# . #... .. . .... #. .# .#... You could see a two-headed
ogre, an ice beast, a necrophage, an iguana, 2 wights and a centaur zombie.

Vanquished Creatures
  An ice beast (D:5)
  2 black bears (D:5)
  An ogre (D:4)
  A phantom (D:6)
  A scorpion (D:4)
  A killer bee (D:6)
  A hound (D:5)
  A bullfrog skeleton (D:4)
  A gnoll shaman (D:6)
  An orc priest (D:5)
  Crazy Yiuf (D:3)
  A jelly (D:5)
  A centaur skeleton (D:5)
  An iguana (D:5)
  2 orc wizards (D:5)
  A scorpion zombie (D:5)
  2 hound skeletons
  7 adders
  7 worms
  3 dart slugs
  15 orcs
  14 endoplasms
  9 giant cockroaches
  7 goblins
  6 hobgoblins
  6 jackals
  7 ball pythons
  4 bats (D:3)
  5 frilled lizards
  5 kobolds
  9 rats
124 creatures vanquished.

Notes
Turn   | Place    | Note
-------+----------+-------------------------------------------
     0 | D:1      | ticklebelly the Minotaur Berserker began the quest for the
                  | Orb.
     0 | D:1      | Reached XP level 1. HP: 19/19 MP: 0/0
   364 | D:1      | Reached XP level 2. HP: 27/27 MP: 1/1
   648 | D:1      | Reached XP level 3. HP: 33/33 MP: 2/2
   709 | D:1      | Found a faded altar of an unknown god.
  1112 | D:2      | Reached ** piety under Trog
  1809 | D:3      | You fall into a shaft and drop 1 floor!
  1872 | D:3      | Reached XP level 4. HP: 40/41 MP: 3/3
  2187 | D:3      | Found a runed translucent door.
  2188 | D:3      | Noticed Crazy Yiuf
  2196 | D:3      | Killed Crazy Yiuf
  2408 | D:3      | Reached skill level 5 in Axes
  2408 | D:3      | Reached XP level 5. HP: 34/47 MP: 4/4
  2412 | D:3      | Reached skill level 5 in Fighting
  2414 | D:3      | Reached *** piety under Trog
  2990 | D:4      | Noticed an ogre
  2999 | D:4      | Killed an ogre
  3262 | D:4      | Reached XP level 6. HP: 54/56 MP: 5/5
  3527 | D:4      | Reached skill level 5 in Armour
  3707 | D:5      | Entered Level 5 of the Dungeon
  3725 | D:5      | Reached skill level 1 in Shields
  3899 | D:5      | Found a burning altar of Makhleb.
  3904 | D:5      | Reached XP level 7. HP: 58/63 MP: 6/6
  4165 | D:5      | Found a broken altar of Ashenzari.
  4264 | D:5      | Found a white marble altar of Elyvilon.
  4295 | D:5      | Found a sparkling altar of Nemelex Xobeh.
  4455 | D:5      | Found Cuiseovi's Antique Armour Shop.
  4775 | D:6      | Noticed a two-headed ogre
  4792 | D:6      | Reached XP level 8. HP: 62/73 MP: 7/7
  4798 | D:6      | Slain by a two-headed ogre

Illustrated notes

Levels and vault maps discovered:
D:1:      nicolae_arrival_somewhat_less_tricky_arrival, layout_basic,
          hellmonk_ecumenical_altar_crossroads
D:2:      layout_loops_ring, dk_vineyard_2, chequers_garden, minmay_vboxes
D:3:      minmay_octagon_keep, layout_basic, kennysheep_generic_room_3,
          uniq_crazy_yiuf_cottage
D:4:      layout_gridville, dk_rats_in_the_wall
D:5:      layout_loops_ring, evilmike_ruin_ashenzari, makhleb_heckhound_becter,
          mainiacjoe_overflow_two_lobes, serial_shops,
          nicolae_shop_window_shopping, kennysheep_big_empty_room
D:6:      cheibrodos_fzero, layout_loops_corners, marbit_many_paths,
          nicolae_ossuary_entry_catacombs, minmay_manual_moon

Skill      XL: |  1  2  3  4  5  6  7 |
---------------+----------------------+-----
Fighting       | 4 5 6 7 |  7.1
Axes           | 4 5 6 7 |  7.1
Armour         | 3 4 5 6 |  6.5
Shields        | 1 3 |  3.6
Dodging        | |  2.1

Action                   |  1- 3 |  4- 6 |  7- 9 || total
-------------------------+-------+-------+-------++-------
Melee: Hand axe          |    54 |       |       ||    54
       Headbutt          |     9 |    11 |    15 ||    35
       Spear             |    44 |    43 |       ||    87
       Demon whip        |       |    69 |    64 ||   133
Invok: Trog's Hand       |       |     1 |     1 ||     2
       Berserk           |       |       |     1 ||     1
Armor: Animal skin       |     3 |       |       ||     3
       Ring mail         |    25 |    29 |    22 ||    76
Dodge: Dodged            |    48 |    48 |    27 ||   123
Block: Buckler           |       |     4 |    20 ||    24
